 Dungeon Crawl Stone Soup version 0.30-a0-49-g1cef19eb02 (webtiles) character file.

Game seed: 11087708015041607809

201 Perdel the Vexing (level 5, -1/24 HPs)
             Began as a Spriggan Enchanter on Sept 2, 2022.
             Slain by a centaur (5 damage)
             ... on level 3 of the Dungeon.
             The game lasted 00:05:46 (3449 turns).

Perdel the Vexing (Spriggan Enchanter)              Turns: 3449, Time: 00:05:47

Health: -1/24      AC:  2    Str:  4 (6)  XL:     5   Next: 50%
Magic:  13/13      EV: 17    Int: 15 (17) God:
Gold:   57         SH:  0    Dex: 15      Spells: 6/14 levels left

rFire   . . .      SeeInvis +    a - +1 dagger
rCold   . . .      Faith    .    (no shield)
rNeg    . . .      Spirit   .    b - +0 robe
rPois   .          Reflect  .    (helmet restricted)
rElec   .          Harm     .    (no cloak)
rCorr   .          Rampage  .    (gloves unavailable)
Will    .....                    (boots unavailable)
Stlth   +++.......               (no amulet)
HPRegen 0.08/turn                (no ring)
MPRegen 0.13/turn                (no ring)

@: very quick
A: very small, no large weapons, unfitting armour, see invisible, speed 3
a: no special abilities


You were on level 3 of the Dungeon.
You visited 1 branch of the dungeon, and saw 3 of its levels.

You collected 57 gold pieces.

Inventory:

Hand Weapons
 a - a +1 dagger (weapon)
Armour
 b - a +0 robe (worn)
Scrolls
 j - 2 scrolls of teleportation
Potions
 c - a potion of invisibility
 d - 2 potions of brilliance
 e - 2 potions of curing
 h - a potion of magic


   Skills:
 - Level 1.1 Short Blades
 - Level 2.6 Dodging
 + Level 4.4 Stealth
 + Level 5.3 Spellcasting
 + Level 5.9 Hexes


You had 6 spell levels left.
You knew the following spells:

 Your Spells              Type           Power      Damage    Failure   Level
a - Ensorcelled Hibernat  Hex/Ice        24%        N/A       7%          2
b - Tukima's Dance        Hex            21%        N/A       4%          3
d - Confusing Touch       Hex            21%        N/A       4%          3

Your spell library contained the following spells:

 Spells                   Type           Power      Damage    Failure   Level
 Dazzling Flash           Conj/Hex       24%        N/A       14%         3
 Freeze                   Ice            16%        1d4       16%         1
 Frozen Ramparts          Ice            8%         1d2       43%         3
 Gell's Gravitas          Tloc           4%         N/A       43%         3
 Ignite Poison            Fire/Tmut/Pois 4%         N/A       43%         3
 Animate Dead             Necr           4%         N/A       83%         4
 Hailstorm                Conj/Ice       4%         3d4       83%         4
 Borgnjor's Vile Clutch   Necr/Erth      2%         N/A       99%         5
 Manifold Assault         Tloc           4%         N/A       99%         5
 Death Channel            Necr           2%         N/A       100%        6


Dungeon Overview and Level Annotations

Branches:
Dungeon (3/15)

Altars:
Trog
Xom
The Shining One


Innate Abilities, Weirdness & Mutations

You are very small and have problems with some larger weapons.
You are too small for most types of armour.
You have supernaturally acute eyesight. (SInv)
You cover ground extremely quickly. (Speed+++)


Message History

The giant cockroach barely misses you.
You hit the giant cockroach but do no damage.
The giant cockroach completely misses you.
You barely miss the giant cockroach. The giant cockroach bites you.
You hit the giant cockroach.
The giant cockroach is heavily wounded.
The giant cockroach misses you.
You hit the giant cockroach.
The giant cockroach is severely wounded.
The giant cockroach misses you. The giant cockroach bites you.
You completely miss the giant cockroach.
The giant cockroach is severely wounded.
The giant cockroach barely misses you.
A giant cockroach is nearby!
You hit the giant cockroach but do no damage.
The giant cockroach is severely wounded.
The giant cockroach misses you.
You hit the giant cockroach.
The giant cockroach is almost dead.
The giant cockroach barely misses you.
You closely miss the giant cockroach.
The giant cockroach is almost dead.
The giant cockroach misses you.
A giant cockroach is nearby!
You hit the giant cockroach.
You kill the giant cockroach!
You feel your strength returning.
No target in view!
No target in view!
A centaur comes into view.
The centaur shouts!
The centaur wields a +0 shortbow.
The centaur shoots an arrow.
The arrow hits you!
Ouch! That really hurt!
You are too injured to fight recklessly!
You are too injured to fight recklessly!
The centaur shoots an arrow.
The arrow hits you!
* * * LOW HITPOINT WARNING * * *
The centaur unwields a +0 shortbow.
The centaur hits you.
You die...

#......# .#
#......# .#
#......# ### .#
#......# ..# .#
###.#### #.# .###
#.#### #.## ...
#†#...
...##############.#
#.#.##
................@c#
#.#.#
...################
#.#.# #.##
######)#.# ###
..........#
#####.##### #. #


You could see a centaur.

Vanquished Creatures
  A crimson imp (D:3)
  A hound (D:3)
  6 adders
  2 adder skeletons (D:3)
  An adder zombie (D:3)
  2 worms (D:2)
  A dart slug (D:3)
  2 orcs (D:3)
  5 endoplasms
  5 giant cockroaches
  A goblin (D:3)
  4 hobgoblins
  4 jackals (D:3)
  4 ball pythons
  5 bats
  5 frilled lizards
  A giant cockroach zombie (D:3)
  A goblin zombie (D:3)
  5 hobgoblin zombies (D:3)
  A jackal skeleton (D:3)
  3 kobolds
  A kobold skeleton (D:3)
  A kobold zombie (D:3)
  An orc skeleton (D:3)
  An orc zombie (D:3)
  A quokka skeleton (D:3)
  3 rats
68 creatures vanquished.

Notes
Turn   | Place    | Note
-------+----------+-------------------------------------------
     0 | D:1      | Perdel the Spriggan Enchanter began the quest for the Orb.
     0 | D:1      | Reached XP level 1. HP: 9/9 MP: 5/5
   543 | D:1      | Reached XP level 2. HP: 13/13 MP: 7/7
   713 | D:1      | Found a faded altar of an unknown god.
  1149 | D:2      | Got the Papyrus of Ointment
  1234 | D:2      | Learned a level 2 spell: Ensorcelled Hibernation
  1589 | D:2      | Reached XP level 3. HP: 16/16 MP: 6/9
  1593 | D:2      | Learned a level 3 spell: Tukima's Dance
  1597 | D:2      | Learned a level 3 spell: Confusing Touch
  2048 | D:2      | Reached XP level 4. HP: 21/21 MP: 8/11
  2301 | D:3      | Reached skill level 5 in Hexes
  2672 | D:3      | Found a bloodstained altar of Trog.
  2672 | D:3      | Found a shimmering altar of Xom.
  2811 | D:3      | Found a glowing golden altar of the Shining One.
  2879 | D:3      | Reached skill level 5 in Spellcasting
  2879 | D:3      | Reached XP level 5. HP: 13/24 MP: 11/13
  3443 | D:3      | Noticed a centaur
  3449 | D:3      | Slain by a centaur

Illustrated notes

Levels and vault maps discovered:
D:1:      scummos_arrival_checkerplants, layout_basic,
          dilly_ecumenical_altar_fadedgnrine
D:2:      layout_loops_corners
D:3:      minmay_angry_zag, layout_loops_ring, general_overflow_altar,
          lemuel_doored_altar, nicolae_tso_besieged_by_evil,
          gammafunk_temple_overflow_pools, serial_undead, serial_undead_a,
          serial_undead_a, serial_undead_a, serial_undead_d

Skill      XL: |  1  2  3  4 |
---------------+-------------+-----
Spellcasting   | 3 4 5 |  5.3
Hexes          | 4 5 |  5.9
Short Blades   | |  1.1
Dodging        | |  2.6
Stealth        | |  4.4

Action                   |  1- 3 |  4- 6 || total
-------------------------+-------+-------++-------
Melee: Dagger            |    85 |   180 ||   265
       Punch             |       |     2 ||     2
 Cast: Ensorcelled Hiber |     5 |     9 ||    14
       Confusing Touch   |       |     1 ||     1
  Use: Scroll            |     4 |     3 ||     7
       Potion            |       |     8 ||     8
 Stab: Sleeping          |    11 |    12 ||    23
       Invisible         |       |     4 ||     4
       Distracted        |       |     1 ||     1
       Confused          |       |     1 ||     1
Armor: Robe              |     8 |    13 ||    21
Dodge: Dodged            |    61 |   160 ||   221

Table legend: (Time is in decaauts)
 A = Elapsed time spent in this place.
 B = Non-inter-level travel time spent in this place.
 C = Inter-level travel time spent in this place.
 D = Time resting spent in this place.
 E = Time spent auto-exploring this place.
 F = Levels seen in this place.
 G = Mean time per level.
                   A        B        C        D        E       F      G
               +--------+--------+--------+--------+--------+-----+--------+
         Total |   2631 |   2592 |     39 |    219 |   1845 |   3 |  877.0 |
       Dungeon |   2631 |   2592 |     39 |    219 |   1845 |   3 |  877.0 |
               +--------+--------+--------+--------+--------+-----+--------+

Top non-repeatable levels by time:
     D:3: 974 daAuts
     D:2: 832 daAuts
     D:1: 825 daAuts
